 Dungeon Crawl Stone Soup version 0.29-a0-575-g0dc89cf053 (webtiles) character file.

Game seed: 14650603981773903715

235465 magipi the Deadly Accurate (level 20, -31/191 HPs)
             Began as a Meteoran Berserker on June 11, 2022.
             Was a High Priest of Trog.
             Annihilated by a titanic slime creature (60 damage)
             ... on level 5 of the Pits of Slime on June 12, 2022.
             The game lasted 02:21:48 (19651 turns).

magipi the Deadly Accurate (Meteoran Berserker)    Turns: 19651, Time: 02:21:49

Health: -31/191    AC: 34    Str: 28      XL:     20   Next: 74%
Magic:  19/19      EV: 15    Int:  9      God:    Trog [*****.]
Gold:   933        SH: 17    Dex: 12 (13) Spells: 19/19 levels left

rFire   + . .      SeeInvis .   b - +8 mithril axe "Arga" {speed, Will+}
rCold   + . .      Faith    +   G - +0 tower shield {rF+}
rNeg    + + .      Spirit   .   B - +9 plate armour of the Stag {rN++ rCorr}
rPois   +          Reflect  .   s - +0 helmet
rElec   .          Harm     .   Q - +2 cloak {rPois}
rCorr   +          Rampage  .   Z - +0 pair of gloves
Will    +++..      Rage     1%  L - +0 pair of boots
Stlth   ..........              r - amulet of faith
HPRegen 0.41/turn               v - +4 ring of evasion
MPRegen 0.16/turn               c - ring of the Final Decision {rC+ Str+5 Stlth-}

@: on berserk cooldown, hasted and slowed, glowing, unable to read
A: sense surroundings 3, otherworldly, glowing, explore regen, berserk 1, clumsy
2, deterioration 1, dopey 1, low MP 1, robust 1, subdued magic 1, inability to
read while threatened, devolution 2
}: 2/15 runes: decaying, serpentine
a: Renounce Religion, Berserk, Trog's Hand, Brothers in Arms


You were on level 5 of the Pits of Slime.
You worshipped Trog.
Trog was extremely pleased with you.
You visited 6 branches of the dungeon, and saw 36 of its levels.
You also visited: Bailey and Ice Cave.

You collected 3470 gold pieces.
You spent 2537 gold pieces at shops.

Inventory:

Hand Weapons
 a - a +3 whip of electrocution
   (You took it off a gnoll on level 2 of the Dungeon)
 b - the +8 mithril axe "Arga" (weapon) {speed, Will+}
   (You found it on level 4 of the Lair of Beasts)

   Attacks with this weapon are significantly faster.
   Will:      It increases your willpower.
 V - a +7 vorpal broad axe
   (Trog gifted it to you on level 2 of the Orcish Mines)
Missiles
 h - 21 boomerangs (quivered)
 l - 56 poisoned darts
 y - 8 javelins
 U - 4 curare-tipped darts
Armour
 s - a +0 helmet (worn)
   (You took it off Robin on level 2 of the Dungeon)
 B - the +9 plate armour of the Stag (worn) {rN++ rCorr}
   (You found it on level 4 of the Lair of Beasts)

   rN:        It greatly protects you from negative energy.
   rCorr:     It protects you from acid and corrosion.
 G - a +0 tower shield of fire resistance (worn)
   (You took it off a naga warrior on level 4 of the Snake Pit)
 L - a +0 pair of boots (worn)
   (You found it on level 2 of the Lair of Beasts)
 Q - a +2 cloak of poison resistance (worn)
   (You took it off Maurice on level 12 of the Dungeon)
 W - a +1 kite shield of protection
   (You bought it in a shop on level 3 of the Snake Pit)
 Z - a +0 pair of gloves (worn)
   (You found it on level 10 of the Dungeon)
Jewellery
 c - the ring of the Final Decision (right hand) {rC+ Str+5 Stlth-}
   (You found it on level 5 of the Dungeon)

   [ring of protection from cold]

   Str:       It affects your strength (+5).
   rC:        It protects you from cold.
   Stlth:     It makes you less stealthy.
 i - a ring of see invisible
   (You found it on level 6 of the Dungeon)
 n - the ring of Tender Moments {rF+ rC+ rN+++ Int+2 Dex-5}
   (You found it on level 11 of the Dungeon)

   [ring of protection from cold]

   Int:       It affects your intelligence (+2).
   Dex:       It affects your dexterity (-5).
   rF:        It protects you from fire.
   rC:        It protects you from cold.
   rN:        It renders you almost immune to negative energy.
 r - an amulet of faith (around neck)
   (You found it on level 2 of the Dungeon)
 v - a +4 ring of evasion (left hand)
   (You found it on level 1 of the Snake Pit)
Wands
 d - a wand of digging (4)
   (You found it on level 5 of the Lair of Beasts)
 e - a wand of mindburst (12)
   (You found it on level 6 of the Dungeon)
 o - a wand of acid (16)
   (You found it on level 9 of the Dungeon)
 H - a wand of charming (17)
   (You found it on level 8 of the Dungeon)
 J - a wand of iceblast (5)
   (You took it off Maurice on level 12 of the Dungeon)
 R - a wand of paralysis (8)
   (You found it on level 1 of the Lair of Beasts)
 T - a wand of polymorph (22)
   (You found it on level 3 of the Lair of Beasts)
 Y - a wand of flame (55)
   (You found it on level 4 of the Lair of Beasts)
Scrolls
 j - 3 scrolls of magic mapping
 m - 5 scrolls of fear
 p - 4 scrolls of blinking
 q - 4 scrolls of fog
 w - 4 scrolls of vulnerability
 D - 3 scrolls of noise
 I - 3 scrolls of enchant armour
 N - a scroll of silence
 O - 18 scrolls of teleportation
 S - 3 scrolls of immolation
Potions
 f - 5 potions of haste
 g - 11 potions of attraction
 k - 3 potions of cancellation
 t - 3 potions of might
 u - 7 potions of heal wounds
 x - 9 potions of mutation
 z - 2 potions of ambrosia
 A - 3 potions of flight
 F - 10 potions of curing
 M - 3 potions of resistance
 P - 4 potions of lignification
Miscellaneous
 E - a phial of floods
   (You found it in a bailey)
 K - a box of beasts
   (You found it on level 10 of the Dungeon)
 X - a lightning rod (4/4)
   (You found it on level 6 of the Lair of Beasts)


   Skills:
 - Level 14.0 Fighting
 - Level 15.9(18.0) Axes
 - Level 15.1(18.4) Maces & Flails
 - Level 16.0 Throwing
 - Level 15.0 Armour
 - Level 15.0 Dodging
 + Level 13.0 Shields
 - Level 15.0 Evocations


You had 19 spell levels left.
You didn't know any spells.
Your spell library was empty.

Dungeon Overview and Level Annotations

Branches:
Dungeon (15/15)            Temple (0/1) D:4            Lair (6/6) D:8
  Swamp (4/4) Lair:4        Snake (4/4) Lair:4        Slime (5/5) Lair:6
    Orc (2/2) D:12            Elf (0/3) Orc:2        Vaults (0/5) D:13
 Depths (0/4) D:15         Bailey (visited)           IceCv (visited)

Altars:
Fedhas
Makhleb
Okawaru
Wu Jian
Xom
Jiyva

Shops:
D:1 !   D:2 *   D:9 (   D:10 !   D:11 *[[?!   D:13 !   Orc:2 ((?((
Snake:1 =::   Snake:3 ?=[:!

Annotations:
Snake:1 2 transporters, NoAnimeNoLife's ghost, adept KoBr
Snake:4 Saint Roka


Innate Abilities, Weirdness & Mutations

You passively map a large area around you.
You are easily found by Zot.
You glow in the dark.
You regain HP and MP as you explore.
You tend to lose your temper in combat.
You are very clumsy. (Dex -4)
Your body sometimes deteriorates upon taking damage.
You are dopey. (Int -2)
Your magical capacity is low. (-10% MP)
You are robust. (+10% HP)
Your spells are a little easier to cast, but a little less powerful.
You sometimes lose the ability to read scrolls when taking damage.
You have terrible hidden genetic defects.


Message History

The quicksilver ooze closely misses you.
You slash the quicksilver ooze!
The quicksilver ooze is moderately wounded.
You hit the large slime creature.
Your lungs strain for air!
Two slime creatures merge to form a very large slime creature.
You block the large slime creature's attack.
You miss the quicksilver ooze.
The quicksilver ooze is moderately wounded.
You slash the large slime creature! You slice the slime creature!!
Your lungs strain for air!
Your ogre hits the quicksilver ooze with a +0 giant club!!
You block the quicksilver ooze's attack. x2
The slime creature hits your ogre.
Unknown command.
You barely miss the quicksilver ooze.
The quicksilver ooze is almost dead.
You slice the slime creature!! You hit the large slime creature.
Your lungs strain for air!
You block the quicksilver ooze's attack.
The quicksilver ooze hits you but does no damage.
Unknown command.
You closely miss the quicksilver ooze.
The quicksilver ooze is almost dead.
You barely miss the slime creature. You slash the large slime creature!
Your lungs strain for air!
Your ogre barely misses the quicksilver ooze.
You block the slime creature's attack.
A large slime creature splits.
Two slime creatures merge to form a large slime creature.
You slash the quicksilver ooze!
You kill the quicksilver ooze!
Trog accepts your kill.
You gasp with relief as air once again reaches your lungs.
You slash the slime creature! You slice the slime creature!!
You slice the large slime creature!!
The slime creature barely misses your ogre.
You slash the slime creature!
The slime creature is almost dead.
You slice the large slime creature!! You hit the slime creature.
You are no longer berserk.
You are exhausted.
You feel yourself slow down.
Your ogre hits the slime creature with a +0 giant club!!
Two slime creatures merge to form a large slime creature.
You block the slime creature's attack.
Two slime creatures merge to form an enormous slime creature.
You block the slime creature's attack.
Two slime creatures merge to form an enormous slime creature.
You slash the slime creature!
You kill the slime creature!
Trog accepts your kill.
You hit the slime creature but do no damage.
You slash the enormous slime creature! x2
Your ogre hits the enormous slime creature with a +0 giant club!!
Two slime creatures merge to form a very large slime creature.
The slime creature misses you.
Your Shields skill increases to level 13!
You barely miss the slime creature.
The slime creature is heavily wounded.
You hit the very large slime creature. You slash the enormous slime creature!
You completely miss the enormous slime creature.
Your ogre hits the enormous slime creature with a +0 giant club!!!
Two slime creatures merge to form a titanic slime creature.
The slime creature hits you.
You hit the titanic slime creature.
The titanic slime creature is heavily wounded.
You slice the enormous slime creature!! You slash the slime creature!
You slash the very large slime creature!
Your ogre barely misses the titanic slime creature.
You block the enormous slime creature's attack.
You block the titanic slime creature's attack.
You block the slime creature's attack.
You slice the slime creature!!
You kill the slime creature!
Trog accepts your kill.
You hit the very large slime creature.
You barely miss the titanic slime creature.
You slice the enormous slime creature!!
Your ogre hits the titanic slime creature with a +0 giant club!!
A very large slime creature splits.
The enormous slime creature hits you!!!
You feel threatened and lose the ability to read scrolls!
Your body deteriorates!
You feel clumsy.
You block the titanic slime creature's attack.
You are too injured to fight recklessly!
Unknown command.
You are too injured to fight recklessly!
Unknown command.
Unknown command.
You cannot read scrolls in your current state!
You feel yourself speed up.
You are no longer corroded.
Your ogre hits the titanic slime creature with a +0 giant club!!
The large slime creature hits you but does no damage.
The enormous slime creature completely misses you.
The titanic slime creature hits you but does no damage.
You block the slime creature's attack. The enormous slime creature hits you!!!
* * * LOW HITPOINT WARNING * * *
The large slime creature hits you but does no damage.
The titanic slime creature hits you!!!
You die...

,, ,, ..................., ,
, , , ..................., ,
...................,,,,, ....
................... ,, ......
..................., , ,
#..........................,
#.......................... ,
.........^.....JJ..........,,
...............J@.......... ,
,,
...............JO..........
........................... ,
..........................,
,, JJ..........#####.####....
, ,,,, ...J.......# .(#
*#..., ,, , ..JJ......# ,
#(## , #..,, ..J.J....# #.,**
, *#. .....J..##, ,(. ,, *
,,,


You could see a titanic slime creature (ally target), an enormous slime
creature, a large slime creature, a slime creature and a friendly ogre
(summoned, berserk).

Vanquished Creatures
  the Royal Jelly (Slime:5)
  Rupert (D:12)
  14 acid blobs
  4 azure jellies
  7 nagarajas (Snake:4)
  7 rockslimes
  Louise (D:14)
  5 quicksilver oozes
  5 eleionomae
  A dire elephant (Lair:6)
  5 great orbs of eyes
  3 shambling mangroves (Swamp:4)
  A rakshasa (D:15)
  23 hydras
  2 salamander tyrants (Snake:4)
  A catoblepas (Lair:3)
  8 vault guards (D:13)
  An ice dragon (IceCv)
  A ghost crab (Swamp:3)
  8 anacondas
  An ogre mage (D:15)
  Erica (D:9)
  17 naga warriors
  3 centaur warriors
  A deep troll shaman (Lair:6)
  4 two-headed ogres
  6 alligators
  Urug (D:10)
  5 death yaks (Lair:6)
  10 orc high priests (Orc:2)
  4 shock serpents
  10 naga sharpshooters
  7 spriggans
  3 salamander mystics
  2 goliath frogs
  A sea snake (Snake:1)
  5 skeletal warriors
  7 swamp dragons
  2 bog bodies
  A glowing orange brain (shapeshifter) (D:15)
  A wizard (D:14)
  A spriggan druid (Swamp:2)
  7 naga ritualists
  A lindwurm (Lair:5)
  A deep elf pyromancer (D:13)
  10 mana vipers
  4 shining eyes
  An oklob plant (Lair:4)
  6 cyclopes
  5 will-o-the-wisps
  10 salamanders
  2 manticores
  17 ugly things
  40 black mambas
  4 guardian serpents
  2 molten gargoyles (D:12)
  2 ice statues (IceCv)
  9 elephants
  Maurice (D:12)
  A gargoyle (D:11)
  A torpor snail (Lair:4)
  8 cane toads
  6 naga magi
  9 rime drakes
  Maggie (D:6)
  A tengu conjurer (D:14)
  10 komodo dragons
  A freezing wraith (D:14)
  11 trolls
  3 meliai (D:14)
  13 tyrant leeches
  7 hornets
  4 polar bears
  39 slime creatures
  A blink frog (Lair:4)
  3 basilisks
  42 yaks
  A hog (D:12)
  A wyvern (D:8)
  2 shadows
  5 golden eyes (Slime:3)
  A human (shapeshifter) (D:14)
  A steam dragon (D:10)
  2 death yak simulacra (Lair:4)
  2 vampire mosquitoes (Swamp:2)
  8 swamp worms
  12 wargs
  2 acid dragons
  40 nagas
  9 water moccasins
  A floating eye (Slime:5)
  An ice beast (D:6)
  8 swamp drakes
  21 orc warriors
  3 black bears
  11 ogres
  11 centaurs
  23 wolves
  3 phantoms
  5 kobold brigands
  20 bullfrogs
  A necrophage (D:5)
  2 cane toad simulacra (Lair:4)
  A gnoll sergeant (D:10)
  3 scorpions
  11 wights
  An elephant simulacrum (Lair:4)
  2 lindwurm simulacra (IceCv)
  4 howler monkeys
  5 lava snakes (D:12)
  2 jellies
  38 orc priests
  4 hounds
  8 komodo dragon simulacra (IceCv)
  5 iguanas
  17 orc wizards
  A wolf simulacrum (Lair:4)
  Robin (D:2)
  8 gnolls
  4 acid dragon simulacra (IceCv)
  9 adders
  A shadow imp (D:7)
  3 white imps
  An ufetubus (D:6)
  7 steam dragon simulacra (IceCv)
  A worm (D:5)
  3 dart slugs
  89 orcs
  2 endoplasms
  5 giant cockroaches
  9 goblins
  11 hobgoblins
  2 jackals (D:3)
  17 kobolds
  4 quokkas
  9 ball pythons
  8 bats
  2 frilled lizards
  5 rats
974 creatures vanquished.

Vanquished Creatures (collateral kills)
  An acid blob (Slime:5)
  Kirke (D:12)
  An azure jelly (Slime:5)
  8 nagarajas (Snake:4)
  A quicksilver ooze (Slime:5)
  A catoblepas (Lair:6)
  2 naga warriors (Snake:4)
  4 naga sharpshooters (Snake:4)
  A salamander mystic (Snake:4)
  A naga ritualist (Snake:4)
  A black mamba (Snake:4)
  2 naga magi (Snake:4)
  A slime creature (Slime:5)
  2 hogs (D:12)
  5 nagas (Snake:4)
  A necrophage (D:7)
33 creatures vanquished.

Vanquished Creatures (others)
  An eleionoma (Swamp:4)
  A shock serpent (Snake:4)
  3 bloated husks
  A swamp worm (Swamp:3)
  20 foxfires
  14 fungi
  12 plants
52 creatures vanquished.

Grand Total: 1059 creatures vanquished

Notes
Turn   | Place    | Note
-------+----------+-------------------------------------------
     0 | D:1      | magipi the Meteoran Berserker began the quest for the Orb.
     0 | D:1      | Reached XP level 1. HP: 19/19 MP: 2/2
    52 | D:1      | Reached XP level 2. HP: 26/26 MP: 3/3
   134 | D:1      | Found Luecw's Distillery.
   227 | D:1      | Reached XP level 3. HP: 31/31 MP: 4/4
   316 | D:1      | Bought a potion of curing for 42 gold pieces
   316 | D:1      | Bought a potion of degeneration for 14 gold pieces
   463 | D:2      | Reached skill level 1 in Throwing
   463 | D:2      | Reached XP level 4. HP: 40/40 MP: 5/5
   548 | D:2      | Noticed Robin
   570 | D:2      | Killed Robin
   620 | D:2      | Reached ** piety under Trog
   636 | D:2      | Reached XP level 5. HP: 46/46 MP: 6/6
   799 | D:2      | Found Feust's General Store.
   809 | D:2      | Bought a scroll of identify for 24 gold pieces
  1254 | D:3      | Noticed a phantom
  1266 | D:3      | Killed a phantom
  1267 | D:3      | Reached skill level 5 in Maces & Flails
  1267 | D:3      | Reached skill level 2 in Throwing
  1267 | D:3      | Reached XP level 6. HP: 53/53 MP: 7/7
  1354 | D:3      | Found an iron altar of Okawaru.
  1534 | D:3      | Reached *** piety under Trog
  1731 | D:4      | Reached XP level 7. HP: 53/60 MP: 8/8
  1842 | D:4      | Found a staircase to the Ecumenical Temple.
  2172 | D:5      | Entered Level 5 of the Dungeon
  2219 | D:5      | Reached skill level 3 in Throwing
  2476 | D:5      | Reached skill level 5 in Fighting
  2476 | D:5      | Reached XP level 8. HP: 68/68 MP: 9/9
  2597 | D:5      | Identified the ring of the Final Decision {rC+ Str+5
                  | Stlth-}
  2681 | D:5      | Reached skill level 5 in Armour
  2885 | D:5      | Reached skill level 5 in Dodging
  2892 | D:5      | Glimpsed the power of Zot.
  2940 | D:6      | Noticed Maggie
  2951 | D:6      | Killed Maggie
  2952 | D:6      | Reached skill level 4 in Throwing
  2952 | D:6      | Gained mutation: You passively map the area around you.
                  | [Meteoran growth]
  2952 | D:6      | Reached XP level 9. HP: 74/74 MP: 10/10
  3003 | D:6      | Reached **** piety under Trog
  3059 | D:6      | Reached skill level 5 in Throwing
  3145 | D:6      | Reached skill level 1 in Evocations
  3488 | D:6      | Glimpsed the power of Zot.
  3539 | D:6      | Glimpsed the power of Zot.
  3715 | D:7      | Found a shimmering altar of Xom.
  3768 | D:7      | Reached XP level 10. HP: 84/84 MP: 11/11
  3847 | D:7      | Reached skill level 10 in Maces & Flails
  4014 | D:7      | Reached skill level 6 in Throwing
  4057 | D:7      | Found a blossoming altar of Fedhas.
  4085 | D:7      | Glimpsed the power of Zot.
  4661 | D:8      | Found a staircase to the Lair.
  4680 | D:8      | Glimpsed the power of Zot.
  4730 | D:8      | Glimpsed the power of Zot.
  4752 | D:9      | Reached ***** piety under Trog
  4830 | D:9      | Found an ornate altar of the Wu Jian Council.
  4854 | D:9      | Noticed a two-headed ogre
  4864 | D:9      | Killed a two-headed ogre
  4865 | D:9      | Reached XP level 11. HP: 92/92 MP: 12/12
  4951 | D:9      | Found a flagged portal.
  4969 | Bailey   | Entered a bailey
  5028 | Bailey   | Reached skill level 7 in Throwing
  5141 | Bailey   | Found a bloodstained altar of Trog.
  5297 | D:9      | Reached skill level 5 in Evocations
  5335 | D:10     | Entered Level 10 of the Dungeon
  5357 | D:10     | Noticed Urug
  5375 | D:10     | Killed Urug
  5816 | D:10     | Found Ucruggeazo's Distillery.
  5824 | D:10     | Bought a potion of mutation for 128 gold pieces
  5824 | D:10     | Bought a potion of curing for 48 gold pieces
  5947 | D:9      | Found Taergh's Antique Weapon Shop.
  6050 | D:9      | Noticed Erica
  6064 | D:9      | Killed Erica
  6092 | D:8      | Reached skill level 8 in Throwing
  6111 | D:8      | Glimpsed the power of Zot.
  6167 | D:10     | Glimpsed the power of Zot.
  6198 | D:10     | Glimpsed the power of Zot.
  6209 | D:11     | Found Qaur's Armour Boutique.
  6256 | D:11     | Found Ecogg's Antique Armour Boutique.
  6276 | D:11     | Reached XP level 12. HP: 73/103 MP: 13/13
  6286 | D:11     | Bought a smoking scale mail for 198 gold pieces
  6286 | D:11     | Identified the +3 scale mail of the Last Stars {Harm} (You
                  | bought it in a shop on level 11 of the Dungeon)
  6352 | D:11     | Found Huexism's Distillery.
  6360 | D:11     | Bought a potion of resistance for 160 gold pieces
  6360 | D:11     | Bought a potion of curing for 48 gold pieces
  6446 | D:11     | Found Apherig's Magic Scroll Emporium.
  6447 | D:11     | Noticed a five-headed hydra
  6468 | D:11     | Killed a five-headed hydra
  6492 | D:11     | Bought a scroll of silence for 75 gold pieces
  6492 | D:11     | Bought a scroll of teleportation for 30 gold pieces
  6496 | D:11     | Identified the ring of Tender Moments {rF+ rC+ rN+++ Int+2
                  | Dex-5}
  6565 | D:11     | Found Sitan's General Store.
  6584 | D:11     | Bought a wand of acid (7) for 374 gold pieces
  6709 | D:11     | Glimpsed the power of Zot.
  6841 | D:12     | Noticed Maurice
  6857 | D:12     | Killed Maurice
  7025 | D:12     | Found a staircase to the Orcish Mines.
  7097 | D:12     | Noticed Kirke
  7097 | D:12     | Noticed Rupert
  7113 | D:12     | Killed Kirke
  7118 | D:12     | Killed Rupert
  7119 | D:12     | Reached skill level 9 in Throwing
  7134 | D:12     | Noticed a skeletal warrior
  7155 | D:12     | Killed a skeletal warrior
  7219 | D:9      | Reached XP level 13. HP: 111/111 MP: 14/14
  7325 | Lair:1   | Entered Level 1 of the Lair of Beasts
  7579 | Lair:1   | Received a gift from Trog
  7952 | Lair:2   | Reached skill level 10 in Armour
  7978 | Lair:2   | Reached skill level 10 in Dodging
  8003 | Lair:2   | Reached skill level 15 in Maces & Flails
  8470 | Lair:3   | Reached skill level 10 in Throwing
  8488 | Lair:3   | Noticed a five-headed hydra
  8501 | Lair:3   | Killed a five-headed hydra
  8502 | Lair:3   | Reached skill level 10 in Fighting
  8874 | Lair:3   | Noticed a catoblepas
  8903 | Lair:3   | Killed a catoblepas
  9152 | Lair:4   | Found a staircase to the Snake Pit.
  9222 | Lair:4   | Reached XP level 14. HP: 110/122 MP: 15/15
  9251 | Lair:4   | Found a frozen archway.
  9272 | IceCv    | Entered an ice cave
  9487 | IceCv    | Found the +8 frozen axe "Frostbite" {freezing cloud, *Noise
                  | Fly rC+}
  9799 | Lair:4   | Found a staircase to the Swamp.
  9914 | Lair:4   | Identified the +0 scale mail of the Fife {Dex+6}
 10063 | Lair:4   | Reached skill level 11 in Throwing
 10272 | Lair:4   | Glimpsed the power of Zot.
 10279 | Lair:4   | Reached skill level 10 in Evocations
 10289 | Lair:4   | Found the +8 mithril axe "Arga" {speed, Will+}
 10292 | Lair:4   | Identified the +9 plate armour of the Stag {rN++ rCorr}
 10314 | Lair:4   | Glimpsed the power of Zot.
 10421 | Lair:5   | Received a gift from Trog
 10428 | Lair:5   | Reached ****** piety under Trog
 10454 | Lair:5   | Reached skill level 1 in Axes
 10780 | Lair:5   | Upgraded the game from 0.29-a0-563-g64e4043184 to
                  | 0.29-a0-575-g0dc89cf053
 10789 | Lair:6   | Entered Level 6 of the Lair of Beasts
 10996 | Lair:6   | Reached XP level 15. HP: 128/130 MP: 16/16
 11079 | Lair:6   | Found a viscous altar of Jiyva.
 11082 | Lair:6   | Found a staircase to the Slime Pits.
 11446 | Lair:6   | Reached skill level 12 in Throwing
 11488 | Lair:6   | Reached skill level 5 in Axes
 11548 | Lair:6   | Glimpsed the power of Zot.
 11598 | Lair:5   | Glimpsed the power of Zot.
 11637 | Lair:3   | Glimpsed the power of Zot.
 11645 | Lair:2   | Glimpsed the power of Zot.
 11646 | Lair:2   | Touched by the power of Zot.
 11692 | D:8      | Glimpsed the power of Zot.
 11742 | D:8      | Glimpsed the power of Zot.
 11780 | D:11     | Glimpsed the power of Zot.
 11789 | D:11     | Glimpsed the power of Zot.
 11790 | D:11     | Touched by the power of Zot.
 11839 | Orc:1    | Entered Level 1 of the Orcish Mines
 11845 | Orc:1    | Received a gift from Trog
 12220 | Orc:1    | Found a burning altar of Makhleb.
 12247 | Orc:2    | Entered Level 2 of the Orcish Mines
 12384 | Orc:2    | Found a staircase to the Elven Halls.
 12425 | Orc:2    | Received a gift from Trog
 12723 | Orc:2    | Found Feoggunt's Antique Weapon Boutique.
 12723 | Orc:2    | Found Heaninnu's Antique Weapon Emporium.
 12802 | Orc:2    | Gained mutation: You are robust. (+10% HP) [a neqoxec]
 12829 | Orc:2    | Found Ugeg's Weapon Emporium.
 12846 | Orc:2    | Found Miumuac's Magic Scroll Boutique.
 12869 | Orc:2    | Bought a scroll of teleportation for 42 gold pieces
 12869 | Orc:2    | Bought a scroll of teleportation for 42 gold pieces
 12869 | Orc:2    | Bought a scroll of teleportation for 42 gold pieces
 12869 | Orc:2    | Bought a scroll of teleportation for 42 gold pieces
 12884 | Orc:2    | Found Enkaow's Weapon Shop.
 13001 | D:12     | Glimpsed the power of Zot.
 13097 | D:13     | Found a gate to the Vaults.
 13117 | D:13     | Reached XP level 16. HP: 88/152 MP: 17/17
 13543 | D:13     | Found Ydaafef's Distillery.
 13546 | D:13     | Bought 2 potions of heal wounds for 190 gold pieces
 13546 | D:13     | Bought a potion of resistance for 190 gold pieces
 13610 | D:12     | Glimpsed the power of Zot.
 13659 | D:13     | Glimpsed the power of Zot.
 13691 | D:14     | Noticed Louise
 13712 | D:14     | Killed Louise
 13863 | D:14     | Reached skill level 1 in Shields
 13865 | D:14     | Received a gift from Trog
 14032 | D:15     | Entered Level 15 of the Dungeon
 14067 | D:15     | Reached skill level 13 in Throwing
 14618 | D:15     | Reached XP level 17. HP: 144/162 MP: 18/18
 14630 | D:15     | Found a staircase to the Depths.
 14769 | D:11     | Glimpsed the power of Zot.
 14818 | D:10     | Glimpsed the power of Zot.
 14857 | D:8      | Glimpsed the power of Zot.
 14919 | Lair:3   | Glimpsed the power of Zot.
 14945 | Snake:1  | Entered Level 1 of the Snake Pit
 15018 | Snake:1  | Found a transporter.
 15019 | Snake:1  | Noticed NoAnimeNoLife's ghost (adept KoBr)
 15020 | Snake:1  | Found a transporter.
 15035 | Snake:1  | Reached skill level 10 in Axes
 15224 | Snake:1  | Identified the +0 scale mail of Duck's Teeth {+Inv}
 15278 | Snake:1  | Found Gokubrix's Book Shoppe.
 15280 | Snake:1  | Found Gikkuvviyni's Jewellery Boutique.
 15281 | Snake:1  | Found Cigenn's Book Shoppe.
 15434 | Snake:1  | Glimpsed the power of Zot.
 15527 | Snake:2  | Identified the +8 dire flail of Urgency {flame, rN+ Str+6}
                  | (Trog gifted it to you on level 2 of the Snake Pit)
 15527 | Snake:2  | Received a gift from Trog
 15660 | Snake:3  | Found Quagukki's Armour Shop.
 15660 | Snake:3  | Found Jaoqav's Jewellery Boutique.
 15692 | Snake:3  | Reached skill level 5 in Shields
 15696 | Snake:3  | Found Ziantoej's Book Shop.
 15697 | Snake:3  | Found Lekac's Magic Scroll Boutique.
 15705 | Snake:3  | Bought a scroll of teleportation for 42 gold pieces
 15705 | Snake:3  | Bought a scroll of teleportation for 42 gold pieces
 15705 | Snake:3  | Bought a scroll of fog for 28 gold pieces
 15705 | Snake:3  | Bought a scroll of magic mapping for 49 gold pieces
 15716 | Snake:3  | Bought a +1 kite shield of protection for 247 gold pieces
 15787 | Snake:3  | Found Oca Ywot's Distillery.
 15795 | Snake:3  | Bought a potion of cancellation for 88 gold pieces
 15795 | Snake:3  | Bought a potion of curing for 33 gold pieces
 15795 | Snake:3  | Bought a potion of resistance for 110 gold pieces
 15795 | Snake:3  | Bought a potion of might for 44 gold pieces
 15795 | Snake:3  | Bought a potion of haste for 110 gold pieces
 15795 | Snake:3  | Bought a potion of heal wounds for 55 gold pieces
 15990 | Snake:3  | Reached skill level 14 in Throwing
 16103 | Snake:3  | Gained mutation: You passively map a large area around you.
                  | [Meteoran growth]
 16103 | Snake:3  | Reached XP level 18. HP: 173/173 MP: 19/19
 16168 | Snake:4  | Entered Level 4 of the Snake Pit
 16168 | Snake:4  | Noticed Saint Roka
 16261 | Snake:4  | Received a gift from Trog
 16893 | Snake:4  | Reached skill level 15 in Axes
 17145 | Snake:4  | Reached XP level 19. HP: 114/182 MP: 20/20
 17182 | Snake:4  | Received a gift from Trog
 17186 | Snake:4  | Got a serpentine rune of Zot
 17348 | Snake:3  | Glimpsed the power of Zot.
 17399 | Snake:2  | Glimpsed the power of Zot.
 17440 | Snake:1  | Glimpsed the power of Zot.
 17449 | Snake:1  | Glimpsed the power of Zot.
 17450 | Snake:1  | Touched by the power of Zot.
 17484 | Lair:4   | Glimpsed the power of Zot.
 17494 | Swamp:1  | Entered Level 1 of the Swamp
 17831 | Swamp:4  | Entered Level 4 of the Swamp
 17868 | Swamp:3  | Received a gift from Trog
 18182 | Swamp:4  | Reached skill level 15 in Throwing
 18697 | Swamp:4  | Reached skill level 15 in Dodging
 18734 | Swamp:4  | Reached skill level 15 in Armour
 18812 | Swamp:4  | Got a decaying rune of Zot
 18909 | Lair:5   | Glimpsed the power of Zot.
 18918 | Lair:6   | Glimpsed the power of Zot.
 18919 | Lair:6   | Touched by the power of Zot.
 18937 | Slime:1  | Entered Level 1 of the Pits of Slime
 18968 | Slime:1  | Reached XP level 20. HP: 108/127 MP: 21/21
 18987 | Slime:2  | Received a gift from Trog
 19158 | Slime:4  | Gained mutation: You sometimes lose the ability to read
                  | scrolls when taking damage. [a shining eye]
 19159 | Slime:4  | Gained mutation: You are dopey. (Int -2) [a shining eye]
 19161 | Slime:4  | Gained mutation: You have hidden genetic defects. [a
                  | shining eye]
 19166 | Slime:5  | Entered Level 5 of the Pits of Slime
 19189 | Slime:4  | Reached skill level 15 in Evocations
 19224 | Slime:5  | Gained mutation: You are clumsy. (Dex -2) [a shining eye]
 19230 | Slime:5  | Gained mutation: Your body sometimes deteriorates upon
                  | taking damage. [a shining eye]
 19233 | Slime:5  | Gained mutation: You are very clumsy. (Dex -4) [a shining
                  | eye]
 19333 | Slime:5  | Reached skill level 16 in Throwing
 19333 | Slime:5  | Reached skill level 10 in Shields
 19343 | Slime:5  | Found a viscous altar of Jiyva.
 19356 | Slime:5  | Noticed the Royal Jelly
 19372 | Slime:5  | Killed the Royal Jelly
 19389 | Slime:4  | Gained mutation: You tend to lose your temper in combat.
                  | [hidden defects]
 19446 | Slime:4  | Gained mutation: Your spells are a little easier to cast,
                  | but a little less powerful. [a shining eye]
 19448 | Slime:4  | Gained mutation: Your magical capacity is low. (-10% MP) [a
                  | shining eye]
 19611 | Slime:5  | Gained mutation: You have terrible hidden genetic defects.
                  | [a shining eye]
 19651 | Slime:5  | Annihilated by a titanic slime creature

Illustrated notes

Levels and vault maps discovered:
D:1:      nicolae_arrival_memento_mori, layout_rooms, serial_shops,
          nicolae_shop_hallway_plus, shapermc_ecumenical_altar_petra
D:2:      layout_loops_ring, serial_shops, nicolae_shop_trees, uniq_robin
D:3:      layout_loops_ring, okawaru_metal_pillars_1_2, minmay_unequal
D:4:      layout_gridville, minmay_temple_entry_mist
D:5:      layout_loops_corners, hangedman_decor_diamond_cutter,
          minmay_crossroads, uniq_crazy_yiuf_cottage
D:6:      layout_loops_ring, uniq_maggie
D:7:      layout_layer_cave, fedhas_altar_fruit_tree,
          mainiacjoe_overflow_brackets, ebering_dispersal_statue_hall,
          uniq_menkaure
D:8:      layout_basic, erik_lair_orcish_takeover, serial_park_tiny_1
D:9:      layout_grid_maze, amcnicky_altar_gilded, enter_bailey_2, serial_shops,
          shop, uniq_erica
D:10:     layout_roguey, serial_shops, nicolae_shop_statue_plus, uniq_urug
D:11:     layout_stronghold, serial_shops, nicolae_square_shop, shop, shop,
          nicolae_shop_hallway_plus, nicolae_shop_waterfront, uniq_lodul
D:12:     cheibrodos_magma_flow, layout_loops_ring, uniq_rupert, uniq_fannar,
          uniq_kirke, uniq_maurice
D:13:     layout_irregular_city, erik_vaults_2, serial_shops, kennysheep_mini
D:14:     cheibrodos_statue_roulette, layout_irregular_city, grunt_decor_cap,
          uniq_louise
D:15:     gammafunk_enter_depths_forms, layout_basic, dk_noncrumbling_3
Lair:1:   layout_misc_corridors, grunt_megastairs_4
Lair:2:   layout_gridlike
Lair:3:   layout_chaotic_city, infiniplex_staircase_pool, lemuel_fruit_tree
Lair:4:   nzn_winding_woodlands_cross [nzn_winding_woodlands_5x15_sidewinder,
          nzn_winding_woodlands_5x15_pathside_ponds,
          nzn_winding_woodlands_5x15_twine, nzn_winding_woodlands_5x15_cabin,
          nzn_winding_woodlands_15x15_thick_spiral], layout_regular_city,
          minmay_swamp_entry_worms, minmay_snake_entry_guardpost_small,
          portal_ice_cave_entry_ice_simulacra
Lair:5:   layout_cave_shapes
Lair:6:   grunt_lair_end_beastmaster, layout_small_grid, slime_altar_1,
          serial_bayou_shore_b
Swamp:1:  layout_basic_swamp, ebering_ghost_inner_flame,
          evilmike_swamp_ruin_house_4, swamp_pool4
Swamp:2:  layout_basic_swamp, evilmike_swamp_ruin_house_5, swamp_pool3,
          nicolae_swamp_little_swirl
Swamp:3:  layout_basic_swamp, evilmike_swamp_ruin_rubble_1
Swamp:4:  swamp, layout_basic_swamp
Snake:1:  layout_chambers, gammafunk_ghost_arena, grunt_megastairs_5,
          minmay_shop_grove
Snake:2:  layout_cave_pods
Snake:3:  layout_gridlike, serial_shops, nicolae_diamond_shop, minmay_shoptagon,
          uniq_aizul
Snake:4:  grunt_snake_rune_spirals, layout_onion, uniq_saint_roka
Slime:1:  layout_caves
Slime:2:  layout_caves, cheibrodos_slime_lost_civilization_5
Slime:3:  layout_caves
Slime:4:  layout_caves, basic_altar
Slime:5
Orc:1:    layout_caves, bloody_makhleb
Orc:2:    st_orc_town, layout_diamond_mine, serial_shops,
          nicolae_shop_bloodbath_and_beyond

Skill      XL: |  1  2  3  4  5  6  7  8  9 10 11 12 13 14 15 16 17 18 19 20 |
---------------+-------------------------------------------------------------+-----
Armour         | 3 4 5 6 7 8 9 10 12 13 14 15 | 15.0
Dodging        | 3 4 5 6 7 8 9 10 12 13 14 15 | 15.0
Throwing       | 1 2 3 4 5 6 8 9 10 11 12 13 14 15 16 | 16.0
Fighting       | 4 5 6 7 8 9 10 11 12 13 14 | 14.0
Maces & Flails | 5 6 8 9 11 13 14 15 | 15.1
Evocations     | 2 4 6 7 9 10 11 12 13 14 15 | 15.0
Axes           | 3 7 9 11 15 | 15.9
Shields        | 3 5 6 8 13 | 13.0

Action                   |  1- 3 |  4- 6 |  7- 9 | 10-12 | 13-15 | 16-18 | 19-21 || total
-------------------------+-------+-------+-------+-------+-------+-------+-------++-------
Melee: Mace              |     7 |       |       |       |       |       |       ||     7
       Dagger            |    53 |     1 |       |       |       |       |       ||    54
       Whip              |       |   165 |   237 |   526 |   790 |    10 |   103 ||  1831
       Punch             |       |     2 |       |       |       |       |       ||     2
       Morningstar       |       |       |       |     9 |       |       |       ||     9
       Broad axe         |       |       |       |       |   444 |   931 |   586 ||  1961
       Eveningstar       |       |       |       |       |    15 |       |       ||    15
Throw: Dart              |       |     4 |     9 |       |       |       |       ||    13
       Boomerang         |       |       |       |    46 |   132 |    94 |   103 ||   375
       Javelin           |       |       |       |       |     8 |       |    10 ||    18
Invok: Berserk           |     2 |     2 |     5 |    18 |    18 |     7 |    10 ||    62
       Trog's Hand       |       |       |       |     2 |     5 |     6 |     4 ||    17
       Brothers in Arms  |       |       |       |     1 |     1 |     6 |     3 ||    11
Evoke: Wand              |       |       |       |     5 |    15 |    22 |     5 ||    47
       Box of beasts     |       |       |       |     1 |       |     1 |     1 ||     3
       Lightning rod     |       |       |       |       |     4 |     3 |     4 ||    11
  Use: Scroll            |       |     2 |    14 |     8 |     7 |     1 |     1 ||    33
       Potion            |       |       |       |       |     8 |     3 |     3 ||    14
 Stab: Paralysed         |       |       |       |     3 |       |       |       ||     3
       Distracted        |       |       |       |       |     1 |     1 |       ||     2
       Confused          |       |       |       |       |       |       |     1 ||     1
Armor: Animal skin       |     1 |       |       |       |       |       |       ||     1
       Ring mail         |    11 |       |       |       |       |       |       ||    11
       Chain mail        |    14 |    87 |    59 |       |       |       |       ||   160
       Swamp dragon scal |       |       |    40 |    98 |       |       |       ||   138
       Plate armour      |       |       |       |    33 |   570 |   504 |   417 ||  1524
Dodge: Dodged            |    34 |    49 |    75 |   172 |   353 |   312 |   322 ||  1317
Block: Buckler           |       |       |    20 |    43 |    92 |     9 |       ||   164
       Tower shield      |       |       |       |       |       |   302 |   485 ||   787
       Kite shield       |       |       |       |       |       |   150 |    26 ||   176

Table legend: (Time is in decaauts)
 A = Elapsed time spent in this place.
 B = Non-inter-level travel time spent in this place.
 C = Inter-level travel time spent in this place.
 D = Time resting spent in this place.
 E = Time spent auto-exploring this place.
 F = Levels seen in this place.
 G = Mean time per level.
                   A        B        C        D        E       F      G
               +--------+--------+--------+--------+--------+-----+--------+
         Total |  19236 |  17183 |   2053 |    350 |      0 |  38 |  506.2 |
       Dungeon |   9196 |   7974 |   1222 |    213 |      0 |  15 |  613.1 |
          Lair |   3818 |   3320 |    498 |     87 |      0 |   6 |  636.3 |
         Swamp |   1457 |   1408 |     49 |      0 |      0 |   4 |  364.2 |
     Snake Pit |   2410 |   2171 |    239 |     40 |      0 |   4 |  602.5 |
    Slime Pits |    678 |    678 |      0 |      0 |      0 |   5 |  135.6 |
  Orcish Mines |   1084 |   1040 |     44 |      6 |      0 |   2 |  542.0 |
        Bailey |    178 |    178 |      0 |      0 |      0 |   1 |  178.0 |
      Ice Cave |    412 |    412 |      0 |      3 |      0 |   1 |  412.0 |
               +--------+--------+--------+--------+--------+-----+--------+

Top non-repeatable levels by time:
 Snake:4: 1037 daAuts
  Lair:4: 854 daAuts
     D:5: 837 daAuts
     D:8: 777 daAuts
  Lair:2: 752 daAuts
  Lair:6: 735 daAuts
     D:9: 719 daAuts
    D:10: 705 daAuts
   Orc:2: 679 daAuts
     D:3: 626 daAuts
     D:2: 626 daAuts
    D:12: 619 daAuts
     D:7: 589 daAuts
    D:11: 588 daAuts
    D:15: 586 daAuts
